 Dungeon Crawl Stone Soup version 0.29.1-12-g30fa7ad0bf (webtiles) character file.

Game seed: 17047588076931855364

1165 MoonFinn the Ducker (level 8, 0/64 HPs)
             Began as a Gnoll Gladiator on Dec 18, 2022.
             Was a Believer of Okawaru.
             Slain by a steam dragon (4 damage)
             ... on level 5 of the Dungeon.
             The game lasted 00:29:03 (7050 turns).

MoonFinn the Ducker (Gnoll Gladiator)               Turns: 7050, Time: 00:29:04

Health: 0/64       AC: 13    Str: 17 (19) XL:     8   Next: 40%
Magic:  13/13      EV:  9    Int:  6 (9)  God:    Okawaru [**....]
Gold:   217        SH:  0    Dex: 14 (15) Spells: 13/13 levels left

rFire   + . .      SeeInvis +   p - +1 trident (freeze)
rCold   . . .      Faith    .   (no shield)
rNeg    . . .      Spirit   .   u - +2 chain mail {rF+}
rPois   .          Reflect  .   c - +0 helmet
rElec   .          Harm     .   (no cloak)
rCorr   .          Rampage  .   (no gloves)
Will    .....      Clarity  +   n - +0 pair of boots
Stlth   ..........              (no amulet)
HPRegen 0.20/turn               o - +6 ring of strength
MPRegen 0.13/turn               (no ring)

@: about to teleport
A: fangs 1, strong nose, distributed training, see invisible, clarity
a: Renounce Religion, Heroism


You were on level 5 of the Dungeon.
You worshipped Okawaru.
Okawaru was pleased with you.
You visited 1 branch of the dungeon, and saw 6 of its levels.

You collected 217 gold pieces.

Inventory:

Hand Weapons
 l - a +0 sling
 p - a +1 trident of freezing (weapon)
Missiles
 d - 2 throwing nets (quivered)
 e - a javelin
Armour
 c - a +0 helmet (worn)
 n - a +0 pair of boots (worn)
 u - a +2 chain mail of fire resistance (worn)
Magical Staves
 h - a staff of cold
Jewellery
 o - a +6 ring of strength (left hand)
Scrolls
 f - 2 scrolls of teleportation
 i - a scroll of blinking
 j - 3 scrolls of fog
 k - a scroll of enchant armour {unknown}
 t - a scroll of silence {unknown}
 v - a scroll of enchant weapon {unknown}
Potions
 b - a potion of cancellation {unknown}
 g - 4 potions of curing
 m - a potion of heal wounds
 q - a potion of degeneration


   Skills:
 + Level 5.7 Fighting
 + Level 3.3 Short Blades
 + Level 3.3 Long Blades
 + Level 3.3 Axes
 + Level 3.3 Maces & Flails
 + Level 7.4 Polearms
 + Level 3.3 Staves
 + Level 3.3 Ranged Weapons
 + Level 5.7 Throwing
 + Level 3.3 Armour
 + Level 7.4 Dodging
 + Level 3.3 Stealth
 + Level 3.3 Shields
 + Level 3.3 Unarmed Combat
 + Level 3.3 Spellcasting
 + Level 2.7 Conjurations
 + Level 2.7 Hexes
 + Level 2.7 Summonings
 + Level 2.7 Necromancy
 + Level 2.7 Translocations
 + Level 2.7 Transmutations
 + Level 2.7 Fire Magic
 + Level 2.7 Ice Magic
 + Level 2.7 Air Magic
 + Level 2.7 Earth Magic
 + Level 2.7 Poison Magic
 + Level 3.7 Invocations
 + Level 3.3 Evocations


You had 13 spell levels left.
You didn't know any spells.
Your spell library contained the following spells:

 Spells                   Type           Power      Damage    Failure   Level
 Magic Dart               Conj           16%        1d3       86%         1
 Sandblast                Erth           8%         2d5       86%         1
 Passwall                 Tmut/Erth      3%         N/A       95%         2
 Searing Ray              Conj           8%         2d4       95%         2
 Stone Arrow              Conj/Erth      8%         3d7       99%         3
 Fulminant Prism          Conj/Hex       2%         3d6       100%        4
 Lehudib's Crystal Spear  Conj/Erth      2%         10d2      100%        8
 Animate Armour           Summ/Erth      Unusable   N/A       N/A         4

Dungeon Overview and Level Annotations

Branches:
Dungeon (6/15)
 Temple: D:4-7

Altars:
Okawaru
Sif Muna
Wu Jian

Shops:
D:2 *

Annotations:
D:5 Eustachio
D:6 Sigmund


Innate Abilities, Weirdness & Mutations

You have very sharp teeth.
Your uncanny sense of smell can sniff out nearby items.
Your experience applies equally to all skills.
You have supernaturally acute eyesight. (SInv)
You possess an exceptional clarity of mind.


Message History

* * * LOW HITPOINT WARNING * * *
You can't go down here!
The steam dragon barely misses you. The steam dragon claws you.
* * * LOW HITPOINT WARNING * * *
The iguana bites you but does no damage.
You climb upwards.
Level annotation: Eustachio
There is a stone staircase leading down here.
The steam dragon attacks as you move away!
The steam dragon bites you but does no damage.
The steam dragon claws you but does no damage.
The steam dragon breathes steam at you. The ball of steam hits you! You resist.
* * * LOW HITPOINT WARNING * * *
You feel better.
The iguana is engulfed in a cloud of scalding steam.
You closely miss the steam dragon. Your bite misses the steam dragon.
The steam dragon is severely wounded.
The steam dragon breathes steam at you. The ball of steam hits you. You resist.
* * * LOW HITPOINT WARNING * * *
A necrophage comes into view.
You hit the steam dragon but do no damage.
The steam dragon is severely wounded.
The necrophage is engulfed in a cloud of scalding steam.
You hit the steam dragon but do no damage.
The steam dragon is severely wounded.
The steam dragon bites you.
* * * LOW HITPOINT WARNING * * *
The steam dragon closely misses you.
As you read the scroll of teleportation, it crumbles to dust.
You feel strangely unstable.
The steam dragon bites you but does no damage.
The steam dragon claws you but does no damage.
You closely miss the necrophage.
The necrophage is severely damaged.
The steam dragon bites you!
* * * LOW HITPOINT WARNING * * *
The steam dragon claws you.
You die...

..........########.#.##.#.#......
..........# #.#.##.#.#......
..######### #.#.##.#.#).....
..####### ###.#.##.#.#......
......... .ยง#.#.##.#.#......
..####### #.#.#.##.#.##.#...
........# #.#.#.##.#.#....##
##..###.# #n#.#.##.#.#..###
###..##.## #@#.#.##.#.#..#
.........## #D#.#.##......#
####.##...## #l#.......###.#
#.##.#..#####.#...##.## #.#
#...........>...#.##.# #.####
#..#.########.#.#.##.# #..).)
#..#.. #.#.#.##.# #####) #. #...
..#.#.##.# #. #.
#.....######.#.##.#########


You could see a steam dragon, a necrophage and an iguana.

Vanquished Creatures
  Duvessa (D:5)
  3 black bears
  An ogre (D:5)
  A necrophage (D:5)
  A gnoll sergeant (D:4)
  3 scorpions
  Dowan (D:5)
  2 hounds (D:5)
  2 iguanas (D:5)
  Natasha (D:2)
  An orc wizard (D:5)
  5 gnolls (D:4)
  8 adders
  An ufetubus (D:5)
  3 dart slugs
  9 orcs
  5 endoplasms
  2 giant cockroaches
  6 goblins
  5 hobgoblins
  4 jackals (D:2)
  8 kobolds
  4 quokkas
  5 ball pythons
  2 bats
  6 rats
90 creatures vanquished.

Vanquished Creatures (others)
  3 gnolls (D:6)
3 creatures vanquished.

Grand Total: 93 creatures vanquished

Notes
Turn   | Place    | Note
-------+----------+-------------------------------------------
     0 | D:1      | MoonFinn the Gnoll Gladiator began the quest for the Orb.
     0 | D:1      | Reached XP level 1. HP: 20/20 MP: 1/1
   225 | D:1      | Reached XP level 2. HP: 26/26 MP: 2/2
   243 | D:1      | You fall into a shaft and drop 1 floor!
   243 | D:2      | Found Ypemp's Assorted Antiques.
   611 | D:2      | Reached XP level 3. HP: 5/31 MP: 2/4
  1198 | D:2      | Noticed Natasha
  1759 | D:3      | Reached skill level 1 in Invocations
  1983 | D:3      | Reached skill level 1 in Short Blades
  1983 | D:3      | Reached skill level 1 in Long Blades
  1983 | D:3      | Reached skill level 1 in Axes
  1983 | D:3      | Reached skill level 1 in Maces & Flails
  1983 | D:3      | Reached skill level 1 in Staves
  1983 | D:3      | Reached skill level 1 in Ranged Weapons
  1983 | D:3      | Reached skill level 1 in Armour
  1983 | D:3      | Reached skill level 1 in Stealth
  1983 | D:3      | Reached skill level 1 in Shields
  1983 | D:3      | Reached skill level 1 in Unarmed Combat
  1983 | D:3      | Reached skill level 1 in Spellcasting
  1983 | D:3      | Reached skill level 1 in Evocations
  2082 | D:3      | Noticed a black bear
  2097 | D:3      | Killed a black bear
  2098 | D:3      | Reached skill level 1 in Conjurations
  2098 | D:3      | Reached skill level 1 in Hexes
  2098 | D:3      | Reached skill level 1 in Summonings
  2098 | D:3      | Reached skill level 1 in Necromancy
  2098 | D:3      | Reached skill level 1 in Translocations
  2098 | D:3      | Reached skill level 1 in Transmutations
  2098 | D:3      | Reached skill level 1 in Fire Magic
  2098 | D:3      | Reached skill level 1 in Ice Magic
  2098 | D:3      | Reached skill level 1 in Air Magic
  2098 | D:3      | Reached skill level 1 in Earth Magic
  2098 | D:3      | Reached skill level 1 in Poison Magic
  2098 | D:3      | Reached XP level 4. HP: 15/38 MP: 4/6
  2098 | D:3      | Reached XP level 5. HP: 17/43 MP: 4/7
  2434 | D:3      | Found a shimmering blue altar of Sif Muna.
  2701 | D:2      | Killed Natasha
  2990 | D:2      | Found a faded altar of an unknown god.
  3818 | D:4      | Reached XP level 6. HP: 50/50 MP: 8/8
  4491 | D:5      | Entered Level 5 of the Dungeon
  4495 | D:5      | Noticed a black bear
  4512 | D:5      | Killed a black bear
  4513 | D:5      | Reached skill level 5 in Fighting
  4513 | D:5      | Reached skill level 5 in Throwing
  4804 | D:5      | Found an iron altar of Okawaru.
  4812 | D:5      | Became a worshipper of Warmaster Okawaru
  5378 | D:5      | Reached XP level 7. HP: 56/56 MP: 10/10
  5378 | D:5      | Gained mutation: You have sharp fingernails. [potion of
                  | mutation]
  5378 | D:5      | Gained mutation: You have supernaturally acute eyesight.
                  | (SInv) [potion of mutation]
  5378 | D:5      | Lost mutation: You have sharp fingernails. [potion of
                  | mutation]
  5378 | D:5      | Gained mutation: You possess an exceptional clarity of
                  | mind. [potion of mutation]
  5399 | D:5      | Noticed Duvessa
  5414 | D:5      | Killed Duvessa
  5414 | D:5      | Noticed Dowan
  5440 | D:5      | HP: 2/56 [ogre/+0 giant spiked club (17)]
  5444 | D:5      | Reached * piety under Okawaru
  5480 | D:5      | Killed Dowan
  5869 | D:5      | Found an ornate altar of the Wu Jian Council.
  6157 | D:5      | Noticed Eustachio
  6255 | D:4      | Reached XP level 8. HP: 62/62 MP: 12/12
  7015 | D:6      | Noticed Sigmund
  7023 | D:6      | Reached ** piety under Okawaru
  7050 | D:5      | Slain by a steam dragon

Illustrated notes

Levels and vault maps discovered:
D:1:      scummos_arrival_simple_crosswalls, layout_loops_cross,
          serial_aquarium, aquarium_bridge_island_small
          [aquarium_subvault_small_open, aquarium_subvault_wall,
          aquarium_subvault_bridge, aquarium_subvault_wall,
          aquarium_subvault_window], aquarium_window_2, aquarium_window_fake,
          aquarium_window_1, aquarium_view_2e, chequers_arboretum,
          kennysheep_pointless_box
D:2:      layout_loops_corners, shapermc_ecumenical_altar_pompeii, serial_shops,
          shop, corexii_corridor_pit, st_stairs_12, minivault_14, uniq_natasha
D:3:      layout_basic, kennysheep_orc_sif_temple, hangedman_decor_growths
D:4:      minmay_chambers_of_twos, layout_rooms, lightli_minifort
D:5:      layout_basic, mainiacjoe_overflow_24_doors,
          mainiacjoe_overflow_boulevard, uniq_duvessa, uniq_eustachio
D:6:      layout_rooms, minmay_temple_entry_trees, uniq_sigmund

Skill      XL: |  1  2  3  4  5  6  7 |
---------------+----------------------+-----
Invocations    | 1 2 3 |  3.7
Short Blades   | 1 2 3 |  3.3
Long Blades    | 1 2 3 |  3.3
Axes           | 1 2 3 |  3.3
Maces & Flails | 1 2 3 |  3.3
Staves         | 1 2 3 |  3.3
Ranged Weapons | 1 2 3 |  3.3
Armour         | 1 2 3 |  3.3
Stealth        | 1 2 3 |  3.3
Shields        | 1 2 3 |  3.3
Unarmed Combat | 1 2 3 |  3.3
Spellcasting   | 1 2 3 |  3.3
Evocations     | 1 2 3 |  3.3
Conjurations   | 1 2 |  2.7
Hexes          | 1 2 |  2.7
Summonings     | 1 2 |  2.7
Necromancy     | 1 2 |  2.7
Translocations | 1 2 |  2.7
Transmutations | 1 2 |  2.7
Fire Magic     | 1 2 |  2.7
Ice Magic      | 1 2 |  2.7
Air Magic      | 1 2 |  2.7
Earth Magic    | 1 2 |  2.7
Poison Magic   | 1 2 |  2.7
Fighting       | 5 |  5.7
Throwing       | 5 |  5.7
Polearms       | 7 |  7.4
Dodging        | 7 |  7.4

Action                   |  1- 3 |  4- 6 |  7- 9 || total
-------------------------+-------+-------+-------++-------
Melee: Trident           |    92 |   135 |   166 ||   393
       Bite              |     8 |    10 |    11 ||    29
       Punch             |     1 |     2 |    11 ||    14
Throw: Throwing net      |     5 |       |     1 ||     6
       Javelin           |     1 |       |       ||     1
  Use: Scroll            |     6 |     5 |     1 ||    12
       Potion            |       |     2 |     4 ||     6
 Stab: Sleeping          |     2 |     1 |       ||     3
       Held in net/web   |     1 |       |       ||     1
Armor: Leather armour    |    16 |       |       ||    16
       Ring mail         |    16 |    20 |       ||    36
       Chain mail        |       |    62 |    94 ||   156
Dodge: Dodged            |    74 |    95 |   100 ||   269
